 Dungeon Crawl Stone Soup version 0.24.0-2-g5b39cebb1c (webtiles) character file.

Game seed: 15310037007868586208, levelgen mode: deterministic

529 Aviak the Skirmisher (level 7, -13/63 HPs)
             Began as a Hill Orc Wanderer on Oct 31, 2019.
             Mangled by a gnoll
             ... wielding the cursed +1 mace of Elaid {elec, rF+ rC- MR+}
              (20 damage)
             ... on level 3 of the Dungeon.
             The game lasted 00:04:57 (3267 turns).

Aviak the Skirmisher (Hill Orc Wanderer)            Turns: 3267, Time: 00:04:57

Health: -13/63     AC:  6    Str: 23    XL:     7   Next: 24%
Magic:  8/8        EV: 10    Int: 12    God:
Gold:   188        SH:  0    Dex:  6    Spells: 8/8 levels left

rFire    . . .     SeeInvis .   a - +2 mace
rCold    . . .     Gourm    .   (no shield)
rNeg     . . .     Faith    .   m - +0 ring mail
rPois    .         Spirit   .   (no helmet)
rElec    .         Reflect  .   (no cloak)
rCorr    .         Harm     .   (no gloves)
MR       .....                  (no boots)
Stlth    +.........             (no amulet)
HPRegen  0.20/turn              j - -3 ring of dexterity (curse)
MPRegen  0.11/turn              (no ring)

@: mighty, lethally poisoned (-13 -> -14), flying
A: no striking features
a: no special abilities


You were on level 3 of the Dungeon.
You were very hungry.

You visited 1 branch of the dungeon, and saw 4 of its levels.

You collected 188 gold pieces.

Inventory:

Hand Weapons
 a - a +2 mace (weapon)
 b - a +0 hand crossbow
Missiles
 h - 49 bolts
Armour
 e - a +0 robe
 m - a +0 ring mail (worn)
Jewellery
 j - a cursed -3 ring of dexterity (left hand)
Scrolls
 c - a scroll of fog {unknown}
 d - 2 scrolls of remove curse {unknown}
 i - a scroll of identify
 k - a scroll of enchant armour {unknown}
 l - a scroll of amnesia {unknown}
 p - 2 scrolls of teleportation {unknown}
Potions
 g - a potion of brilliance
 n - a potion of magic
 o - a potion of might
Comestibles
 f - 6 rations


   Skills:
 + Level 6.3 Fighting
 - Level 2.1 Maces & Flails
 + Level 6.1 Armour
 - Level 1.0 Stealth
 - Level 1.0 Spellcasting
   Level 1.7 Ice Magic
   Level 1.0 Evocations


You had 8 spell levels left.
You didn't know any spells.
Your spell library was empty.

Dungeon Overview and Level Annotations

Branches:
Dungeon (4/15)
 Temple: D:4-7

Altars:


Message History

You feel sick.
The gnoll hits you with the cursed +1 mace of Elaid {elec, rF+ rC- MR+}.
It was a potion of flight.
You feel very buoyant.
You fly up into the air.
You feel sick.
You closely miss the gnoll.
The gnoll is moderately wounded.
The gnoll hits you with the cursed +1 mace of Elaid {elec, rF+ rC- MR+}!
* * * LOW HITPOINT WARNING * * *
The gnoll hits you with the cursed +1 mace of Elaid {elec, rF+ rC- MR+}.
* * * LOW HITPOINT WARNING * * *
Okay, then.
You feel sick.
You feel very mighty all of a sudden.
You closely miss the gnoll.
The gnoll is moderately wounded.
The gnoll hits you with the cursed +1 mace of Elaid {elec, rF+ rC- MR+}.
* * * LOW HITPOINT WARNING * * *
The gnoll hits you but does no damage.
You are electrocuted!!
You die...

...........#####.........#
#..###
.รท.......#.......##......#
#..###
.....########.##.##......#
#..... #....# #.......######
##.### #....# #####.#### #.#
#....# #.....### ######.#
#....#######.......# #......#
..............####.#####.######
......####......@g.......#
.#.#..####......##.#######
...............###.#
.#.)..##.##...####>#
......##.##.#......#
.####.......########
..........#.# .#.######...#
.#.# ##.##


You could see a gnoll.

Vanquished Creatures
  Grinder (D:3)
  A centaur skeleton (D:2)
  Jessica (D:3)
  Natasha (thrice) (D:2)
  A worker ant (D:4)
  Robin (D:2)
  2 gnolls
  9 adders
  An ooze (D:1)
  2 leopard geckos (D:3)
  3 giant cockroaches
  16 goblins
  5 hobgoblins
  6 kobolds
  A quokka (D:3)
  2 ball pythons (D:3)
  6 bats
  4 frilled lizards
  7 rats
72 creatures vanquished.

Notes
Turn   | Place    | Note
-------+----------+-------------------------------------------
     0 | D:1      | Aviak the Hill Orc Wanderer began the quest for the Orb.
     0 | D:1      | Aviak set off with the following items: a +2 mace, a +0
                  | hand crossbow, a potion of curing, 25 bolts, a +0 robe, a
                  | ration
     0 | D:1      | Reached XP level 1. HP: 16/16 MP: 2/2
   228 | D:1      | Reached XP level 2. HP: 21/24 MP: 3/3
   701 | D:2      | Noticed Robin
   718 | D:1      | Reached XP level 3. HP: 28/30 MP: 4/4
   789 | D:2      | Noticed Natasha
   804 | D:2      | Killed Natasha
   808 | D:2      | Reached XP level 4. HP: 24/38 MP: 5/5
   808 | D:2      | Noticed Natasha
   815 | D:2      | Killed Natasha
   963 | D:2      | Reached XP level 5. HP: 9/46 MP: 6/6
   995 | D:2      | Noticed Natasha
   999 | D:2      | Killed Natasha
  1368 | D:2      | Killed Robin
  2344 | D:3      | Noticed Grinder
  2533 | D:3      | Reached XP level 6. HP: 50/55 MP: 7/7
  2580 | D:3      | Reached skill level 5 in Fighting
  2580 | D:3      | Reached skill level 5 in Armour
  2768 | D:3      | Paralysed by Grinder for 3 turns
  2773 | D:3      | Paralysed by Grinder for 5 turns
  2807 | D:3      | Killed Grinder
  2807 | D:3      | Reached XP level 7. HP: 21/63 MP: 8/8
  3166 | D:3      | Noticed Jessica
  3174 | D:3      | Killed Jessica
  3242 | D:4      | Identified the cursed +1 mace of Elaid {elec, rF+ rC- MR+}
  3267 | D:3      | Mangled by a gnoll

Levels and vault maps discovered:
D:1:      wander_arrival_abandoned_jail, layout_basic, minmay_door_square,
          minivault_14
D:2:      layout_loops_cross, uniq_robin, uniq_natasha
D:3:      layout_loops_cross, uniq_jessica, uniq_grinder
D:4:      layout_loops_ring, first_ration, uniq_menkaure, uniq_eustachio

Skill      XL: |  1  2  3  4  5  6  7 |
---------------+----------------------+-----
Fighting       | 2 3 4 6 |  6.3
Armour         | 3 4 5 6 |  6.1
Maces & Flails | |  2.1
Stealth        | |  1.0
Spellcasting   | |  1.0
Ice Magic      | |  1.7
Evocations     | |  1.0

Action                   |  1- 3 |  4- 6 |  7- 9 || total
-------------------------+-------+-------+-------++-------
Melee: Mace              |    74 |   181 |    28 ||   283
 Fire: Hand crossbow     |       |    28 |       ||    28
  Use: Scroll            |     1 |       |     2 ||     3
       Potion            |     1 |     3 |     2 ||     6
 Stab: Sleeping          |     1 |       |       ||     1
  Eat: Chunk             |       |     6 |     1 ||     7
Armor: Robe              |     1 |       |       ||     1
       Ring mail         |    26 |    88 |     8 ||   122
       Skin              |       |    13 |       ||    13
Dodge: Dodged            |    43 |   131 |    12 ||   186
